 Dungeon Crawl Stone Soup version 0.27-a0-1184-ge86db4a01e (webtiles) character file.

Game seed: 5396109654755575840

506 mordus the Chiller (level 6, -2/27 HPs)
             Began as a Felid Ice Elementalist on May 18, 2021.
             Slain by a centaur zombie (5 damage)
             ... on level 4 of the Dungeon.
             The game lasted 00:21:04 (5280 turns).

mordus the Chiller (Felid Ice Elementalist)         Turns: 5280, Time: 00:21:04

Health: -2/27      AC:  2    Str:  4    XL:     6   Next: 97%
Magic:  8/13       EV: 19    Int: 24    God:
Gold:   213        SH:  5    Dex: 17    Spells: 9/13 levels left
                                        Lives:  0   Deaths: 1

rFire    . . .     SeeInvis +   (weapon unavailable)
rCold    . . .     Faith    .   (shield unavailable)
rNeg     . . .     Spirit   .   (armour unavailable)
rPois    .         Reflect  +   (helmet unavailable)
rElec    .         Harm     .   (cloak unavailable)
rCorr    .         Rampage  .   (gloves unavailable)
Will     .....                  (boots unavailable)
Stlth    +++.......             o - amulet of reflection
HPRegen  0.09/turn              k - +6 ring of intelligence
MPRegen  0.13/turn              (no ring)

@: quick
A: very small, claws 1, fangs 3, see invisible, speed 1, shaggy fur 2, stealthy
paws, no weapons or thrown items, no armour, multi-lived
a: no special abilities


You were on level 4 of the Dungeon.
You visited 1 branch of the dungeon, and saw 4 of its levels.

You collected 213 gold pieces.

Inventory:

Jewellery
 k - a +6 ring of intelligence (left paw)
 o - an amulet of reflection (around neck)
Wands
 n - a wand of flame (10)
 r - a wand of iceblast (5)
Scrolls
 a - a scroll of vulnerability {unknown}
 d - a scroll of brand weapon {unknown}
 f - a scroll of immolation {unknown}
 g - a scroll of torment {unknown}
 m - 2 scrolls of teleportation {unknown}
 p - a scroll of identify {unknown}
 q - a scroll of enchant armour {unknown}
Potions
 b - a potion of might {unknown}
 c - a potion of degeneration {unknown}
 e - a potion of heal wounds
 h - a potion of cancellation {unknown}
 i - 2 potions of resistance {unknown}
 j - a potion of invisibility {unknown}
 l - a potion of magic {unknown}


   Skills:
 + Level 2.6 Fighting
 + Level 4.7 Dodging
 + Level 4.8 Stealth
 * Level 4.1 Spellcasting
 * Level 5.2 Ice Magic


You had 9 spell levels left.
You knew the following spells:

 Your Spells              Type           Power      Damage    Failure   Level
a - Freeze                Ice            100%       1d11      1%          1
b - Frozen Ramparts       Ice            58%        1d7       3%          3

Your spell library contained the following spells:

 Spells                   Type           Power      Damage    Failure   Level
 Ozocubu's Armour         Ice            29%        N/A       3%          3
 Beastly Appendage        Tmut           10%        N/A       10%         1
 Shock                    Conj/Air       20%        1d4       10%         1
 Static Discharge         Conj/Air       5%         N/A       14%         2
 Wereblood                Tmut           5%         N/A       14%         2
 Spider Form              Tmut/Pois      2%         N/A       28%         3
 Swiftness                Air            5%         N/A       28%         3
 Hailstorm                Conj/Ice       17%        3d6       32%         4
 Ice Form                 Ice/Tmut       17%        N/A       32%         4
 Airstrike                Air            2%         N/A       67%         4
 Metabolic Englaciation   Hex/Ice        8%         N/A       67%         5
 Hydra Form               Tmut           2%         N/A       95%         5
 Lightning Bolt           Conj/Air       2%         1d14      95%         5


Dungeon Overview and Level Annotations

Branches:
Dungeon (4/15)             Temple (0/1) D:4

Altars:
Kikubaaqudgha
Makhleb
Xom
Yredelemnul


Innate Abilities, Weirdness & Mutations

You have sharp claws.
You have razor-sharp teeth.
You have supernaturally acute eyesight. (SInv)
You cover ground quickly. (Speed+)
You are covered in thick fur. (AC +2)
Your paws help you pounce on unaware monsters.
You are incapable of wielding weapons or throwing items.
You cannot wear armour.
You gain extra lives every three experience levels.


Message History

You scratch the centaur zombie.
The centaur zombie is heavily damaged.
The centaur zombie completely misses you.
You block the centaur zombie's attack.
You scratch the centaur zombie.
The centaur zombie is severely damaged.
The centaur zombie misses you. You block the centaur zombie's attack.
The centaur zombie misses you.
The centaur zombie kicks you but does no damage.
You scratch the centaur zombie.
The centaur zombie is severely damaged.
The centaur zombie completely misses you.
The centaur zombie kicks you.
You are too injured to fight recklessly!
You are too injured to fight recklessly!
You are too injured to fight recklessly!
You are too injured to fight recklessly!
You are too injured to fight recklessly!
You are too injured to fight recklessly!
You are too injured to fight recklessly!
You scratch the centaur zombie.
The centaur zombie is severely damaged.
The centaur zombie completely misses you.
The centaur zombie closely misses you.
You scratch the centaur zombie.
The centaur zombie is almost destroyed.
The centaur zombie hits you but does no damage.
The centaur zombie closely misses you. The centaur zombie hits you.
* * * LOW HITPOINT WARNING * * *
The centaur zombie closely misses you.
You completely miss the centaur zombie.
The centaur zombie is almost destroyed.
The centaur zombie misses you. The centaur zombie kicks you.
* * * LOW HITPOINT WARNING * * *
You scratch the centaur zombie.
The centaur zombie is almost destroyed.
The centaur zombie misses you.
The centaur zombie completely misses you.
The centaur zombie hits you.
You die...

...............#.....
#.#.#.#.........#...#..
........#............###..
<....#.#..#.........#.#.#.
.....................#...
................#.#..#...
###.>#.##..............[.
##........................
#........@.......##.......
..#...(Z##.##...##.......
.....#..###.#...###.......
#... ##Z.##.....####..5...
.. ####......#..)........
#.♣.♣.....###.#####..###
♣♣...♣♣...###.######..##
♣..♣.Z..♣..#......#..J..#
♣ ♣..♣♣..♣...............


You could see a scorpion zombie and a centaur zombie.

Vanquished Creatures
  A hornet (D:4)
  Eustachio (D:4)
  A crimson imp (D:3)
  A jelly (D:4)
  An iguana (D:4)
  Robin (D:4)
  3 gnolls (D:2)
  4 adders
  A white imp (D:4)
  2 adder skeletons (D:4)
  A dart slug (D:1)
  6 bats
  3 endoplasms
  3 giant cockroaches
  11 goblins
  9 hobgoblins
  2 jackals (D:3)
  5 kobolds (D:1)
  6 quokkas
  9 ball pythons
  3 frilled lizards
  4 rats
78 creatures vanquished.

Notes
Turn   | Place    | Note
-------+----------+-------------------------------------------
     0 | D:1      | mordus the Felid Ice Elementalist began the quest for the
                  | Orb.
     0 | D:1      | Reached XP level 1. HP: 7/7 MP: 4/4
   397 | D:1      | Reached XP level 2. HP: 3/12 MP: 4/6
  1505 | D:1      | Reached XP level 3. HP: 15/15 MP: 5/7
  1906 | D:2      | Reached skill level 4 in Ice Magic
  1920 | D:2      | Learned a level 3 spell: Frozen Ramparts
  2013 | D:2      | Reached skill level 1 in Fighting
  2327 | D:2      | Reached XP level 4. HP: 16/19 MP: 6/9
  2927 | D:3      | Found a burning altar of Makhleb.
  2927 | D:3      | Found a shimmering altar of Xom.
  3463 | D:3      | Reached XP level 5. HP: 22/22 MP: 10/10
  3522 | D:3      | Found an ancient bone altar of Kikubaaqudgha.
  4071 | D:4      | Noticed a hornet
  4101 | D:4      | Slain by a hornet
  4101 | D:4      | Killed a hornet
  4102 | D:4      | Reached XP level 4. HP: -1/19 MP: 5/9
  4102 | D:4      | Reached XP level 5. HP: 22/22 MP: 9/11
  4102 | D:4      | Gained mutation: You are covered in thick fur. (AC +2)
                  | [Felid growth]
  4102 | D:4      | Reached XP level 6. HP: 26/26 MP: 9/12
  4131 | D:4      | Found a staircase to the Ecumenical Temple.
  4236 | D:4      | Noticed Robin
  4253 | D:4      | Killed Robin
  4393 | D:4      | Noticed Eustachio
  4449 | D:4      | HP: 1/26 [Eustachio/+0 falchion (7)]
  4450 | D:4      | Killed Eustachio
  4451 | D:4      | Reached skill level 5 in Ice Magic
  4995 | D:4      | Found a basalt altar of Yredelemnul.
  5280 | D:4      | Slain by a centaur zombie

Illustrated notes

Levels and vault maps discovered:
D:1:      dpeg_arrival_yet_another_circle, layout_loops_cross, minmay_quantized
D:2:      layout_loops_ring
D:3:      minmay_angry_zag, layout_loops_ring,
          grunt_temple_overflow_champion_of_chaos, kiku_gazebo_garden_becter
D:4:      layout_rooms, nicolae_yredelemnul_corpse_copse,
          minmay_temple_entry_arrows, serial_shops, nicolae_shop_trees,
          uniq_robin, uniq_eustachio

Skill      XL: |  1  2  3  4  5  6 |
---------------+-------------------+-----
Dodging        | 3 4 |  4.7
Stealth        | 3 4 |  4.8
Ice Magic      | 4 5 |  5.2
Fighting       | 1 2 |  2.6
Spellcasting   | 3 4 |  4.1

Action                   |  1- 3 |  4- 6 || total
-------------------------+-------+-------++-------
Melee: Unarmed           |    49 |   111 ||   160
       Bite              |     3 |     5 ||     8
 Cast: Freeze            |    25 |    35 ||    60
       Frozen Ramparts   |     1 |     8 ||     9
  Use: Potion            |       |     1 ||     1
 Stab: Sleeping          |     8 |    10 ||    18
Armor: Skin              |     5 |    12 ||    17
Dodge: Dodged            |    59 |   115 ||   174
Block: Other             |       |    17 ||    17
       Reflection        |       |     2 ||     2

Table legend: (Time is in decaauts)
 A = Elapsed time spent in this place.
 B = Non-inter-level travel time spent in this place.
 C = Inter-level travel time spent in this place.
 D = Time resting spent in this place.
 E = Time spent auto-exploring this place.
 F = Levels seen in this place.
 G = Mean time per level.
                   A        B        C        D        E       F      G
               +--------+--------+--------+--------+--------+-----+--------+
         Total |   4788 |   4736 |     52 |   1591 |   2305 |   4 | 1197.0 |
       Dungeon |   4788 |   4736 |     52 |   1591 |   2305 |   4 | 1197.0 |
               +--------+--------+--------+--------+--------+-----+--------+

Top non-repeatable levels by time:
     D:1: 1502 daAuts
     D:3: 1259 daAuts
     D:2: 1111 daAuts
     D:4: 914 daAuts
